 Dungeon Crawl Stone Soup version 0.25.0-45-g978344163c (webtiles) character file.

Game seed: 3275993058103536432

4498 Kold the Cleaver (level 10, -6/70 HPs)
             Began as a Formicid Fighter on July 11, 2020.
             Was a Believer of Makhleb.
             Mangled by a death yak (11 damage)
             ... on level 8 of the Dungeon.
             The game lasted 00:17:02 (9760 turns).

Kold the Cleaver (Formicid Fighter)                 Turns: 9760, Time: 00:17:03

Health: -6/70      AC: 10    Str: 29    XL:     10   Next: 65%
Magic:  10/10      EV: 10    Int:  8    God:    Makhleb [**....]
Gold:   523        SH: 12    Dex: 10    Spells: 9/9 levels left

rFire    . . .     SeeInvis +   C - +3 mace of Fikumnuc {holy, rC+ Str+5 Stlth+}
rCold    + + +     Gourm    .   c - +0 kite shield
rNeg     . . .     Faith    +   b - +0 scale mail
rPois    .         Spirit   .   (helmet unavailable)
rElec    .         Reflect  .   t - +0 cloak
rCorr    .         Harm     .   G - +0 pair of gloves
MR       +....                  q - +0 pair of boots
Stlth    +.........             e - amulet of faith
HPRegen  0.21/turn              w - ring of protection from cold
MPRegen  0.12/turn              r - ring of protection from cold

@: mighty, studying Unarmed Combat
A: permanent stasis, dig shafts and tunnels, four strong arms, antennae 3
a: Dig, Shaft Self, Minor Destruction, Renounce Religion


You were on level 8 of the Dungeon.
You worshipped Makhleb.
Makhleb was pleased with you.
You were hungry.

You visited 2 branches of the dungeon, and saw 11 of its levels.

You collected 523 gold pieces.

Inventory:

Hand Weapons
 y - a +1 vorpal war axe
 C - the +3 mace of Fikumnuc (weapon) {holy, rC+ Str+5 Stlth+}
   (You took it off an orc wizard on level 7 of the Dungeon)

   It has been blessed by the Shining One to cause great damage to the undead
   and demons.
   It affects your strength (+5).
   It protects you from cold.
   It makes you more stealthy.
 E - a +0 battleaxe
Armour
 b - a +0 scale mail (worn)
 c - a +0 kite shield (worn)
 m - a +0 plate armour of positive energy
 q - a +0 pair of boots (worn)
 t - a +0 cloak (worn)
 G - a +0 pair of gloves (worn)
Jewellery
 e - an amulet of faith (around neck)
 k - an uncursed amulet of the acrobat
 r - a ring of protection from cold (right hand)
 w - a ring of protection from cold (left hand)
 D - an uncursed amulet of guardian spirit {unknown}
Wands
 i - a wand of iceblast (14)
 B - a wand of acid (8)
Scrolls
 a - a scroll of acquirement {unknown}
 g - 2 scrolls of fear {unknown}
 h - 4 scrolls of remove curse
 j - a scroll of enchant armour {unknown}
 l - 2 scrolls of teleportation {unknown}
 n - 6 scrolls of identify
 p - 2 scrolls of enchant weapon
 v - a scroll of amnesia {unknown}
 F - 2 scrolls of blinking {unknown}
 H - a scroll of magic mapping
Potions
 o - a potion of brilliance
 A - a potion of stabbing
Books
 x - a manual of Unarmed Combat
Comestibles
 f - 18 rations


   Skills:
 - Level 3.2 Fighting
 * Level 12.8 Axes
 + Level 3.4 Armour
 + Level 0.5 Dodging
 - Level 9.0 Shields
 + Level 0.8 Invocations


You had 9 spell levels left.
You didn't know any spells.
Your spell library contained the following spells:

 Spells                   Type           Power        Failure   Level  Hunger
 Corona                   Hex            #......      65%         1    ##.....
 Ensorcelled Hibernation  Hex/Ice        #.....       80%         2    ###....
 Confusing Touch          Hex            #.......     95%         3    ####...
 Dazzling Flash           Conj/Hex       #.....       95%         3    ####...
 Tukima's Dance           Hex            #.......     95%         3    ####...


Dungeon Overview and Level Annotations

Branches:
Dungeon (10/15)            Temple (1/1) D:7            Lair (0/6) D:9
    Orc: D:9-12

Altars:
Ashenzari
Cheibriados
Dithmenos
Fedhas
Gozag
Kikubaaqudgha
Makhleb
Nemelex Xobeh
Okawaru
Qazlal
Ru
Sif Muna
Trog
Vehumet
Yredelemnul
Zin
The Shining One
Beogh

Annotations:
D:4 3 runed translucent doors, xccam's ghost, amateur OpAs
D:6 2 runed translucent doors, MisterFreud's ghost, novice DsIE


Innate Abilities, Weirdness & Mutations

You cannot be hasted, slowed, berserked, paralysed or teleported.
You can dig through walls and to a lower floor.
Your four strong arms can wield two-handed weapons with a shield.
You have a pair of large antennae on your head. (SInv)


Message History

You hit the death yak.
The death yak is heavily wounded.
You block the death yak's attack.
You thump the death yak!
The death yak is heavily wounded.
The death yak gores you.
* * * LOW HITPOINT WARNING * * *
You feel very mighty all of a sudden. You block the death yak's attack.
It was a potion of berserk rage.
Your stasis prevents you from going berserk.
The death yak gores you!
* * * LOW HITPOINT WARNING * * *
It was a potion of curing.
You feel better. The death yak gores you!
* * * LOW HITPOINT WARNING * * *
Are you sure you want to shaft yourself?
You are feeling hungry.
You begin to dig a shaft.
You continue digging a shaft.
The death yak gores you!
You die...

#.#
##'###.#.#.###.
#.# #.#
#.#...[... #.#
########.......
#.#
#.#._......####
#.# ##.#....#####
#.# #..#....#
#.#### ##.#....#
#....#####.#....#
####...@Y>.#....#
##############
#.# #.# #.# #.#
######### #.#
#....(..#######.#
#.#####.........#
######


You could see a death yak.

Vanquished Creatures
  A death yak (D:10)
  A hippogriff (D:8)
  A wyvern (D:10)
  A water moccasin (D:6)
  2 ice beasts (D:8)
  2 phantoms
  4 orc warriors
  4 sky beasts
  An ogre (D:8)
  5 centaurs
  A big kobold (D:2)
  2 bullfrogs
  2 scorpions
  3 wights (D:7)
  A howler monkey (D:5)
  3 crimson imps
  A quasit (D:9)
  3 jellies
  Crazy Yiuf (D:7)
  2 centaur skeletons
  9 orc wizards
  6 orc priests
  3 hounds
  An iguana (D:5)
  Ijyb (D:4)
  A hell rat (D:9)
  6 worker ants
  2 hound skeletons (D:7)
  2 hound zombies (D:5)
  6 adders
  A howler monkey skeleton (D:4)
  A river rat (D:9)
  4 shadow imps
  An ooze (D:4)
  2 worms (D:3)
  5 dart slugs
  3 leopard geckos
  47 orcs
  2 ball pythons
  A bat zombie (D:5)
  6 giant cockroaches
  9 goblins
  7 hobgoblins
  12 jackals
  8 kobolds
  6 quokkas
  7 bats
  6 frilled lizards
  A jackal skeleton (D:6)
  3 leopard gecko skeletons
  9 rats
219 creatures vanquished.

Vanquished Creatures (others)
  5 toadstools (D:1)
5 creatures vanquished.

Grand Total: 224 creatures vanquished

Notes
Turn   | Place    | Note
-------+----------+-------------------------------------------
     0 | D:1      | Kold the Formicid Fighter began the quest for the Orb.
     0 | D:1      | Reached XP level 1. HP: 18/18 MP: 1/1
   155 | D:1      | Reached XP level 2. HP: 23/24 MP: 2/2
   401 | D:1      | Reached XP level 3. HP: 29/29 MP: 3/3
   930 | D:2      | Reached skill level 3 in Axes
  1187 | D:2      | Reached XP level 4. HP: 34/35 MP: 4/4
  1296 | D:2      | Noticed a big kobold
  1326 | D:2      | Killed a big kobold
  1326 | D:2      | Reached skill level 5 in Shields
  1326 | D:2      | Reached XP level 5. HP: 22/41 MP: 5/5
  1506 | D:2      | Found a bloodstained altar of Trog.
  1810 | D:2      | Found a glowing silver altar of Zin.
  1865 | D:3      | Reached skill level 4 in Axes
  2304 | D:3      | Noticed a centaur
  2323 | D:3      | Killed a centaur
  2323 | D:3      | Reached XP level 6. HP: 25/47 MP: 6/6
  2629 | D:3      | Found a radiant altar of Vehumet.
  2792 | D:4      | Reached skill level 5 in Axes
  2857 | D:4      | Reached XP level 7. HP: 52/52 MP: 7/7
  2908 | D:4      | Found a runed translucent gate.
  2911 | D:4      | Found a runed translucent gate.
  2912 | D:4      | Found a runed translucent gate.
  2919 | D:4      | Noticed Ijyb
  2939 | D:4      | Killed Ijyb
  3196 | D:4      | Noticed xccam's ghost (amateur OpAs)
  3697 | D:5      | Entered Level 5 of the Dungeon
  3840 | D:5      | Reached skill level 6 in Axes
  3840 | D:5      | Reached XP level 8. HP: 53/58 MP: 8/8
  4333 | D:5      | Found an ancient bone altar of Kikubaaqudgha.
  4540 | D:5      | Reached skill level 7 in Axes
  4880 | D:6      | Reached skill level 8 in Axes
  4893 | D:6      | Reached XP level 9. HP: 64/64 MP: 9/9
  4966 | D:6      | You fall into a shaft and drop 3 floors!
  4966 | D:9      | Found a staircase to the Lair.
  4966 | D:9      | Noticed a death yak
  4966 | D:9      | Noticed a death yak
  4971 | D:9      | Noticed a death yak
  5013 | D:10     | Entered Level 10 of the Dungeon
  5029 | D:10     | Killed a death yak
  5029 | D:10     | Reached skill level 10 in Axes
  5702 | D:8      | Noticed a hippogriff
  5730 | D:8      | Killed a hippogriff
  5945 | D:8      | Reached skill level 11 in Axes
  6140 | D:8      | Reached XP level 10. HP: 45/70 MP: 10/10
  6710 | D:7      | Identified the +3 mace of Fikumnuc {holy, rC+ Str+5 Stlth+}
  6822 | D:7      | Found a staircase to the Ecumenical Temple.
  6831 | Temple   | Entered the Ecumenical Temple
  6930 | Temple   | Became a worshipper of Makhleb the Destroyer
  7289 | D:7      | Reached skill level 12 in Axes
  7451 | D:7      | Found a runed translucent door.
  7452 | D:7      | Noticed Crazy Yiuf
  7462 | D:7      | Killed Crazy Yiuf
  7640 | D:7      | Found a sacrificial altar of Ru.
  7674 | D:6      | Found a runed translucent door.
  7679 | D:6      | Noticed MisterFreud's ghost (novice DsIE)
  7738 | D:6      | Reached * piety under Makhleb
  7846 | D:6      | Found a runed translucent door.
  9509 | D:8      | Reached ** piety under Makhleb
  9524 | D:8      | Found a roughly hewn altar of Beogh.
  9760 | D:8      | Mangled by a death yak

Illustrated notes

Levels and vault maps discovered:
D:1:      ldierk_walled_garden, layout_loops_ring, corner_web_ring,
          wad_floor_pattern_1, minmay_misc_feat_roman, hex_large
D:2:      layout_loops_ring, marbit_many_paths, overflow_temple_1_default
D:3:      layout_rooms, lemuel_round_altar, first_ration
D:4:      layout_loops_cross, gammafunk_ghost_icy, uniq_ijyb
D:5:      layout_cave_pools, lemuel_zombie_altar_kikubaaqudgha,
          minmay_manual_moon
D:6:      layout_rooms, ebering_ghost_sewer_f, minmay_crossroads
D:7:      layout_loops_ring, kennysheep_mini, minmay_temple_entry_antechambers,
          uniq_crazy_yiuf_cottage
D:8:      layout_loops_corners, special_room [special_room_orc]
D:9:      layout_roguey [special_room_orc], elyvilon_altar_5,
          dpeg_lair_monsters, minmay_orc_entry_guard_dogs
D:10:     layout_basic
Temple:   regret_index_temple_sphere_string

Skill      XL: |  1  2  3  4  5  6  7  8  9 10 |
---------------+-------------------------------+-----
Shields        | 4 5 6 7 9 |  9.0
Axes           | 3 4 5 6 8 11 12 | 12.8
Fighting       | |  3.2
Armour         | |  3.4
Dodging        | |  0.5
Invocations    | |  0.8

Action                   |  1- 3 |  4- 6 |  7- 9 | 10-12 || total
-------------------------+-------+-------+-------+-------++-------
Melee: War axe           |    90 |   153 |   302 |    82 ||   627
       Mace              |       |       |       |   236 ||   236
 Abil: Dig               |       |     2 |     5 |     9 ||    16
       Shaft Self        |       |       |       |     1 ||     1
  Use: Potion            |       |       |     8 |     5 ||    13
       Scroll            |       |       |     3 |     1 ||     4
  Eat: Chunk             |     1 |     6 |    10 |    15 ||    32
Armor: Scale mail        |    43 |    70 |   113 |    51 ||   277
Dodge: Dodged            |    43 |    51 |   106 |    60 ||   260
Block: Kite shield       |    63 |    98 |   203 |   123 ||   487
